 Dungeon Crawl Stone Soup version 0.15-a0-429-gf5d7e11 (webtiles) character file.

1543 4tharraofdagon the Insei (level 8, -4/42 HPs)
             Began as a Vine Stalker Monk on May 6, 2014.
             Was an Elder of Zin.
             Slain by a flying skull (6 damage)
             ... on Level 10 of the Dungeon.
             The game lasted 00:14:17 (2611 turns).

4tharraofdagon the Insei (Vine Stalker Monk)        Turns: 2611, Time: 00:14:17

HP  -4/42        AC  3     Str 14      XL: 8   Next: 58%
MP   0/16        EV 21     Int 11      God: Zin [****..]
Gold 232         SH  0     Dex 23      Spells:  0 memorised, 10 levels left

rFire  + + .     SeeInvis .       - Unarmed
rCold  + + .     Clarity  .     k - +1 robe {rC+ rF+}
rNeg   . . .     Conserve .     (no shield)
rPois  .         rCorr    .     (no helmet)
rElec  .         rRot     +     (no cloak)
SustAb . .       Spirit   +     (no gloves)
rMut   .         Warding  .     (no boots)
Saprov . . .     Stasis   .     (no amulet)
MR     +....                    l - ring of protection from fire
                                f - ring of protection from cold

@: about to teleport, agile, somewhat resistant to hostile enchantments, quite
stealthy
A: fangs 3, regeneration 2, magic shield, antimagic bite, no device heal
a: Recite, Vitalisation, Imprison, Renounce Religion


You were on level 10 of the Dungeon.
You worshipped Zin.
Zin was greatly pleased with you.
You were not hungry.

You visited 1 branch of the dungeon, and saw 10 of its levels.

You collected 257 gold pieces.
You donated 25 gold pieces.

Inventory:

Hand weapons
 s - the +0,+0 cutlass of Risk Management {drain, rF++ SInv}
   (You took it off a hobgoblin on level 4 of the Dungeon)

   A truly terrible weapon, it drains the life of those it strikes.
   It greatly protects you from fire.
   It enhances your eyesight.
   Zin opposes the use of such an evil item.
Missiles
 x - 3 needles of sleeping
Armour
 a - a +0 robe
 c - a cursed -2 robe
 k - a +1 robe of resistance (worn)
 t - a +0 pair of boots
Magical devices
 B - a wand of magic darts (14)
Comestibles
 b - 3 bread rations
 d - 3 meat rations
 o - a slice of pizza
Scrolls
 g - a scroll of enchant armour {unknown}
 h - 2 scrolls of random uselessness {unknown}
 i - a scroll of noise {unknown}
 j - a scroll of immolation
 m - 4 scrolls of remove curse
 p - a scroll of fog {unknown}
 q - 3 scrolls of magic mapping {unknown}
 u - a scroll of teleportation
 y - 2 scrolls of blinking {unknown}
Jewellery
 f - a ring of protection from cold (left hand)
 l - a ring of protection from fire (right hand)
 D - an uncursed ring of wizardry
Potions
 e - a potion of heal wounds
 r - 2 potions of brilliance
 v - 6 potions of curing
 z - a potion of paralysis
 A - a potion of resistance
 C - a potion of lignification {unknown}
Books
 n - a book of Conjurations

   Spells                             Type                      Level
   Magic Dart                         Conjuration                  1
   Searing Ray                        Conjuration                  2
   Dazzling Spray                     Conjuration/Hexes            3
   Fulminant Prism                    Conjuration/Hexes            4
   Iskenderun's Mystic Blast          Conjuration                  4
   Iskenderun's Battlesphere          Conjuration/Charms           5


   Skills:
 + Level 4.3 Fighting
 + Level 4.2 Dodging
 + Level 6.1 Stealth
 * Level 7.0 Unarmed Combat
 + Level 1.9 Spellcasting
 + Level 3.3 Invocations


You had 10 spell levels left.
You didn't know any spells.

Dungeon Overview and Level Annotations

Branches:
Dungeon (10/15)            Temple (0/1) D:7
    Orc: D:9-12        Lair: D:8-11

Altars:
Cheibriados
Elyvilon
Okawaru
Sif Muna
Zin

Shops:
D:10 %

Annotations:
D:3 Grinder


Innate Abilities, Weirdness & Mutations

You are immune to rotting.
You have razor-sharp teeth.
You heal very quickly.
When hurt, damage is shared between your health and your magic reserves.
Your bite disrupts and absorbs the magic of your enemies.
Potions and wands cannot restore your HP.


Message History

You hit the flying skull.
The flying skull is moderately damaged.
The flying skull hits you!
* * * LOW HITPOINT WARNING * * *
You are too injured to fight recklessly!
You are too injured to fight recklessly!
Drink which item? (? for menu, Esc to quit)
Okay, then.
Read which item? (? for menu, Esc to quit)
Okay, then.
Drink which item? (? for menu, Esc to quit)
You feel agile all of a sudden. The flying skull closely misses you.
The flying skull hits you!
* * * LOW HITPOINT WARNING * * *
Unknown command.
Read which item? (? for menu, Esc to quit)
As you read the scroll labeled NUTAUSU QUEZA, it crumbles to dust.
You feel strangely unstable.
It was a scroll of teleportation.
The flying skull hits you!
You die...

##+## ##...##
##.....##
##.......##
#...%.....##.#
+.......>.....
#.............
##.......#.##
##...@.##.#
##..z....#
#..####....
###..### ###
#......# #.#..#.#
#.#....#
#......##.####
.....#.........<.


You could see a flying skull.

Vanquished Creatures
  The ghost of 4tharraofdagon the Ruffian, an experienced VSMo of Cheibriados (D:8)
  A necrophage (D:6)
  A black bear (D:10)
  An ogre (D:8)
  A sky beast (D:7)
  Duvessa (D:4)
  A giant frog (D:7)
  Dowan (D:4)
  2 jellies
  A yellow wasp zombie (D:10)
  2 orc priests (D:9)
  4 orc wizards
  A worker ant (D:4)
  Natasha (D:3)
  A big kobold zombie (D:4)
  Ijyb (D:3)
  Jessica (D:3)
  3 adders
  A giant mite (D:4)
  A shadow imp (D:5)
  2 worms
  17 orcs
  9 bats
  4 giant cockroaches
  6 goblins
  18 hobgoblins
  9 jackals
  3 quokkas
  A giant gecko (D:3)
  8 giant newts
  6 kobolds
  An orc skeleton (D:7)
  7 rats
118 creatures vanquished.

Notes
Turn   | Place    | Note
--------------------------------------------------------------
     0 | D:1      | 4tharraofdagon, the Vine Stalker Monk, began the quest for the Orb.
     0 | D:1      | Reached XP level 1. HP: 11/11 MP: 1/1
    25 | D:2      | Noticed a hound
    39 | D:2      | Found a glowing silver altar of Zin.
    52 | D:2      | Became a worshipper of Zin the Law-Giver
    52 | D:2      | Acquired Zin's first power
    52 | D:2      | Acquired Zin's second power
    77 | D:2      | Reached XP level 2. HP: 13/16 MP: 3/3
   182 | D:1      | Reached XP level 3. HP: 17/19 MP: 2/4
   297 | D:3      | Noticed Jessica
   308 | D:3      | Killed Jessica
   368 | D:3      | Noticed Grinder
   377 | D:3      | Noticed Ijyb
   396 | D:3      | Paralysed by Grinder for 7 turns
   496 | D:3      | Killed Ijyb
   496 | D:3      | Reached XP level 4. HP: 6/24 MP: 2/5
   682 | D:4      | Reached skill level 1 in Invocations
   721 | D:4      | Reached XP level 5. HP: 7/28 MP: 7/7
   816 | D:4      | Reached skill level 5 in Unarmed Combat
   888 | D:5      | Entered Level 5 of the Dungeon
   931 | D:5      | Acquired Zin's third power
  1060 | D:4      | Got a polished cutlass
  1182 | D:3      | Identified the cursed +0,+0 cutlass of Risk Management {drain, rF++ SInv} (You took it off a hobgoblin on level 4 of the Dungeon)
  1245 | D:3      | Gained mutation: You heal very quickly. [vine stalker growth]
  1245 | D:3      | Reached XP level 6. HP: 32/32 MP: 9/9
  1246 | D:3      | Noticed Natasha
  1253 | D:3      | Found a snail-covered altar of Cheibriados.
  1264 | D:3      | Killed Natasha
  1318 | D:4      | Noticed Duvessa
  1320 | D:4      | Noticed Dowan
  1335 | D:4      | Killed Duvessa
  1360 | D:4      | Killed Dowan
  1510 | D:5      | Found a white marble altar of Elyvilon.
  1600 | D:7      | Found an iron altar of Okawaru.
  1666 | D:7      | Reached skill level 6 in Unarmed Combat
  1666 | D:7      | Reached XP level 7. HP: 35/37 MP: 11/11
  1708 | D:7      | Found a staircase to the Ecumenical Temple.
  1847 | D:6      | Noticed a necrophage
  1859 | D:6      | Killed a necrophage
  2029 | D:8      | Noticed 4tharraofdagon's ghost (experienced VSMo)
  2119 | D:8      | Killed 4tharraofdagon's ghost
  2119 | D:8      | Reached skill level 5 in Stealth
  2119 | D:8      | Reached skill level 1 in Spellcasting
  2119 | D:8      | Gained mutation: You have razor-sharp teeth. [vine stalker growth]
  2119 | D:8      | Reached XP level 8. HP: 11/42 MP: 4/14
  2163 | D:7      | Found a deep blue altar of Sif Muna.
  2385 | D:10     | Entered Level 10 of the Dungeon
  2436 | D:10     | Found Saapneaw's Food Emporium.
  2565 | D:10     | Reached skill level 7 in Unarmed Combat
  2588 | D:9      | Noticed a flying skull
  2589 | D:9      | Noticed a flying skull
  2589 | D:9      | Noticed a skeletal warrior
  2610 | D:10     | HP: 1/42 [flying skull (10)]
  2611 | D:10     | Slain by a flying skull

Action                   |  1- 3 |  4- 6 |  7- 9 || total
-------------------------+-------+-------+-------++-------
Melee: Unarmed           |    91 |   229 |   137 ||   457
Invok: Vitalisation      |     1 |       |       ||     1
       Imprison          |       |       |     1 ||     1
Evoke: Wand              |       |       |     1 ||     1
  Use: Scroll            |     3 |     4 |     4 ||    11
       Potion            |       |     1 |     2 ||     3
 Stab: Sleeping          |       |     8 |     2 ||    10

Vault maps used:
D:1:      minmay_arrival_open_corners, minmay_misc_feat_five
D:2:      old_standard_altar, first_bread, lightli_corner_chamber
D:3:      minmay_fountain_box, cheibriados_altar_1, uniq_natasha, uniq_jessica,
          uniq_grinder, uniq_iyjb
D:4:      serial_bayou, serial_bayou_lagoon_a, serial_bayou_crossing,
          serial_bayou_pond_b, serial_bayou_pond_b, serial_bayou_shore_a,
          uniq_duvessa
D:5:      black_bear_nest_1, elyvilon_altar_3, lemuel_coloured_pillars_altar,
          kennysheep_boxes
D:6:      grunt_temple_overflow_holy_war, gammafunk_temple_overflow_pools
D:7:      nicolae_overflow_hidden_temple, okawaru_gym_becter,
          minmay_temple_entry_junction2, grunt_rat_hole
D:8:      lair_0_dummy, uniq_grum
D:9:      hangedman_screamer, hiddenorc1_lemuel, hangedman_decor_opposing,
          min_item_tele_traps, hangedman_abyss_or_decor_clamps,
          nrook_pool_corridor
D:10:     david_orc_5, serial_shops, shop, shop_fountains, shop,
          kennysheep_generic_room_6, uniq_sonja, uniq_erica
